NCAA
SAINT JOHN'S RED STORM @ ILLINOIS FIGHTING ILLINI
05/03/2024
 
TOP OF THE 1ST
Saint John's Red Storm batting - Pitching for Illinois Fighting Illini : LHP Jerry Martin
Pitching: LHP Jerry Martin
Batting: RHB Joe Smith 0-0: Fly out, F4 (Popup, 89S)
Batting: RHB Duane Grounds 0-0: Ball
1-0: Fly out, F2 (Popup, 2LF)
Batting: LHB Chris Austin 0-0: Ball
1-0: Called Strike
1-1: Called Strike
1-2: Ball
2-2: Ball
3-2: Ground out 5-3 (Groundball, 56S)
Top of the 1st over - 0 run(s), 0 hit(s), 0 error(s), 0 left on base; Saint John's 0 - Illinois 0
BOTTOM OF THE 1ST
Illinois Fighting Illini batting - Pitching for Saint John's Red Storm : RHP Robinson Ramírez
Pitching: RHP Robinson Ramírez
Batting: RHB Michael Jones 0-0: Ball
1-0: SINGLE (Line Drive, 9S)
Batting: RHB Brandon Berry 0-0: Ball
Michael Jones is caught stealing 2nd base
1-0: Ground out 1-3 (Groundball, 15)
Batting: RHB Buddy Griffin 0-0: Ground out 6-3 (Groundball, 6)
Bottom of the 1st over - 0 run(s), 1 hit(s), 0 error(s), 0 left on base; Saint John's 0 - Illinois 0
TOP OF THE 2ND
Saint John's Red Storm batting - Pitching for Illinois Fighting Illini : LHP Jerry Martin
Batting: LHB António Velásquez 0-0: SINGLE (Flyball, 8RS)
Batting: RHB Bob Mueller 0-0: Grounds into double play, 6-4-3 (Groundball, 6)
Batting: RHB Dana Worley 0-0: Ball
1-0: Ball
2-0: Foul Ball, location: 2F
2-1: Foul Ball, location: 2F
2-2: Strikes out looking
Top of the 2nd over - 0 run(s), 1 hit(s), 0 error(s), 0 left on base; Saint John's 0 - Illinois 0
BOTTOM OF THE 2ND
Illinois Fighting Illini batting - Pitching for Saint John's Red Storm : RHP Robinson Ramírez
Batting: RHB Clinton Barton 0-0: Called Strike
0-1: Ball
1-1: SINGLE (Groundball, 56D) (infield hit)
Batting: SHB Jared McNayer 0-0: Fly out, F8 (Flyball, 8LM)
Batting: RHB Benoît Vigneault 0-0: Ball
1-0: Ball
2-0: Fly out, F7 (Flyball, 7S)
Batting: RHB Aaron Murray 0-0: Ball
1-0: Ball
2-0: Ball
3-0: Called Strike
3-1: Base on Balls
Clinton Barton to second
Batting: LHB Joe Alexander 0-0: Foul Ball, location: 2F
0-1: SINGLE (Line Drive, 7S)
Clinton Barton to third
Aaron Murray to second
Runner from 3rd tries for Home, SAFE, no throw or cutoff
Batting: RHB David Ward 0-0: Ball
1-0: Ground out 5-3 (Groundball, 5)
Bottom of the 2nd over - 1 run(s), 2 hit(s), 0 error(s), 2 left on base; Saint John's 0 - Illinois 1
TOP OF THE 3RD
Saint John's Red Storm batting - Pitching for Illinois Fighting Illini : LHP Jerry Martin
Batting: LHB David Lee 0-0: Ball
1-0: Foul Ball, location: 2F
1-1: Ball
2-1: Foul Ball, location: 2F
2-2: Ball
3-2: SINGLE (Line Drive, 9LM)
Batting: RHB Bobby Miller 0-0: Ball
1-0: Ball
2-0: Swinging Strike
2-1: Swinging Strike
2-2: Strikes out swinging
Batting: RHB Miguel Hernández 0-0: Ball
1-0: Swinging Strike
1-1: Foul Ball, location: 2F
1-2: Strikes out swinging
Batting: RHB Joe Smith 0-0: Ball
1-0: SINGLE (Groundball, 34)
David Lee to second
Runner from 2nd tries for 3rd, SAFE, throw made to third
Batting: RHB Duane Grounds 0-0: Ball
1-0: Called Strike
1-1: Ball
2-1: Foul Ball, location: 2F
2-2: Strikes out swinging
Top of the 3rd over - 0 run(s), 2 hit(s), 0 error(s), 2 left on base; Saint John's 0 - Illinois 1
BOTTOM OF THE 3RD
Illinois Fighting Illini batting - Pitching for Saint John's Red Storm : RHP Robinson Ramírez
Batting: RHB Michael Jones 0-0: Called Strike
0-1: Fly out, F8 (Flyball, 8RM)
Batting: RHB Brandon Berry 0-0: Ball
1-0: Fly out, F8 (Flyball, 8RXD)
Batting: RHB Buddy Griffin 0-0: Ball
1-0: Ball
2-0: Called Strike
2-1: Foul Ball, location: 2F
2-2: Strikes out looking
Bottom of the 3rd over - 0 run(s), 0 hit(s), 0 error(s), 0 left on base; Saint John's 0 - Illinois 1
TOP OF THE 4TH
Saint John's Red Storm batting - Pitching for Illinois Fighting Illini : LHP Jerry Martin
Batting: LHB Chris Austin 0-0: Foul Ball, location: 2F
0-1: Ball
1-1: Ball
2-1: Foul Ball, location: 2F
2-2: Ball
3-2: Foul Ball, location: 2F
3-2: Foul Ball, location: 2F
3-2: Ground out 4-3 (Groundball, 34)
Batting: LHB António Velásquez 0-0: Called Strike
0-1: Ground out 1-3 (Groundball, 13S)
Batting: RHB Bob Mueller 0-0: Called Strike
0-1: Ball
1-1: Ball
2-1: Ball
3-1: SINGLE (Groundball, 56)
Batting: RHB Dana Worley 0-0: Ball
1-0: Foul Ball, location: 2F
1-1: Ball
2-1: Called Strike
2-2: Fly out, F8 (Flyball, 8LM)
Top of the 4th over - 0 run(s), 1 hit(s), 0 error(s), 1 left on base; Saint John's 0 - Illinois 1
BOTTOM OF THE 4TH
Illinois Fighting Illini batting - Pitching for Saint John's Red Storm : RHP Robinson Ramírez
Batting: RHB Clinton Barton 0-0: Called Strike
0-1: Ball
1-1: Foul Ball, location: 2F
1-2: Ground out 6-3 (Groundball, 6M)
Batting: SHB Jared McNayer 0-0: Called Strike
0-1: Swinging Strike
0-2: Ball
1-2: Ball
2-2: Fly out, F8 (Flyball, 8LM)
Batting: RHB Benoît Vigneault 0-0: Called Strike
0-1: Ball
1-1: Ball
2-1: Swinging Strike
2-2: Strikes out looking
Bottom of the 4th over - 0 run(s), 0 hit(s), 0 error(s), 0 left on base; Saint John's 0 - Illinois 1
TOP OF THE 5TH
Saint John's Red Storm batting - Pitching for Illinois Fighting Illini : LHP Jerry Martin
Batting: LHB David Lee 0-0: Ball
1-0: Foul Ball, location: 2F
1-1: Foul Ball, location: 2F
1-2: Strikes out swinging
Batting: RHB Bobby Miller 0-0: Ball
1-0: Ball
2-0: Ball
3-0: Called Strike
3-1: Base on Balls
Batting: RHB Miguel Hernández 0-0: Ball
1-0: Ball
2-0: Fly out, F8 (Flyball, 8RM)
Batting: RHB Joe Smith 0-0: Called Strike
0-1: Ball
1-1: Ground out 5-3 (Groundball, 56S)
Top of the 5th over - 0 run(s), 0 hit(s), 0 error(s), 1 left on base; Saint John's 0 - Illinois 1
BOTTOM OF THE 5TH
Illinois Fighting Illini batting - Pitching for Saint John's Red Storm : RHP Robinson Ramírez
Batting: RHB Aaron Murray 0-0: Called Strike
0-1: Ball
1-1: Swinging Strike
1-2: Ball
2-2: Foul Ball, location: 2F
2-2: Ball
3-2: Foul Ball, location: 2F
3-2: Strikes out swinging
Batting: LHB Joe Alexander 0-0: Ball
1-0: Fly out, F6 (Popup, 56D)
Batting: RHB David Ward 0-0: Called Strike
0-1: Foul Ball, location: 2F
0-2: Foul Ball, location: 2F
0-2: Fly out, F7 (Flyball, 78M)
Bottom of the 5th over - 0 run(s), 0 hit(s), 0 error(s), 0 left on base; Saint John's 0 - Illinois 1
TOP OF THE 6TH
Saint John's Red Storm batting - Pitching for Illinois Fighting Illini : LHP Jerry Martin
Batting: RHB Duane Grounds 0-0: Foul Ball, location: 2F
0-1: Ball
1-1: Called Strike
1-2: Ball
2-2: Strikes out swinging
Batting: LHB Chris Austin 0-0: Called Strike
0-1: Ground out 5-3 (Groundball, 5)
Batting: LHB António Velásquez 0-0: Called Strike
0-1: Foul Ball, location: 2F
0-2: Ball
1-2: Foul Ball, location: 2F
1-2: Foul Ball, location: 2F
1-2: Strikes out swinging
Top of the 6th over - 0 run(s), 0 hit(s), 0 error(s), 0 left on base; Saint John's 0 - Illinois 1
BOTTOM OF THE 6TH
Illinois Fighting Illini batting - Pitching for Saint John's Red Storm : RHP Robinson Ramírez
Batting: RHB Michael Jones 0-0: Called Strike
0-1: Ball
1-1: Ball
2-1: Ball
3-1: Swinging Strike
3-2: SINGLE (Flyball, 7S)
Batting: RHB Brandon Berry 0-0: Ball
1-0: Swinging Strike
1-1: Fly out, F8 (Flyball, 8LM)
Batting: RHB Buddy Griffin 0-0: Called Strike
0-1: Called Strike
0-2: Ball
1-2: Ball
2-2: Strikes out swinging
Batting: RHB Clinton Barton 0-0: Ball
1-0: Called Strike
1-1: Ball
2-1: Foul Ball, location: 2F
2-2: Fly out, F7 (Flyball, 78M)
Bottom of the 6th over - 0 run(s), 1 hit(s), 0 error(s), 1 left on base; Saint John's 0 - Illinois 1
TOP OF THE 7TH
Saint John's Red Storm batting - Pitching for Illinois Fighting Illini : LHP Jerry Martin
Pitching: RHP Joe Smith
Batting: RHB Bob Mueller 0-0: Called Strike
0-1: Swinging Strike
0-2: Ball
1-2: Foul Ball, location: 2F
1-2: SINGLE (Groundball, 6MD)
Batting: RHB Dana Worley 0-0: Called Strike
0-1: Ball
1-1: Bunted foul
1-2: Fly out, F8 (Flyball, 89M)
Batting: LHB David Lee 0-0: SINGLE (Groundball, 6M)
Bob Mueller to second
Pinch Hitting: LHB John Cook 0-0: Ball
1-0: Ball
2-0: Ball
3-0: Base on Balls
Bob Mueller to third
David Lee to second
Batting: RHB Miguel Hernández 0-0: Foul Ball, location: 2F
0-1: Ball
1-1: Ball
2-1: Ball
3-1: Foul Ball, location: 2F
3-2: Base on Balls
Bob Mueller scores
David Lee to third
John Cook to second
Batting: RHB Joe Smith 0-0: Fly out, F8 (Flyball, 8RM)
Batting: RHB Duane Grounds 0-0: Called Strike
0-1: Ball
1-1: Called Strike
1-2: Ball
2-2: Fielders Choice at 2nd, U4 (Groundball, 4M)
Top of the 7th over - 1 run(s), 2 hit(s), 0 error(s), 3 left on base; Saint John's 1 - Illinois 1
BOTTOM OF THE 7TH
Illinois Fighting Illini batting - Pitching for Saint John's Red Storm : RHP Robinson Ramírez
Now at SS: Jim Ramsey
Batting: SHB Jared McNayer 0-0: Foul Ball, location: 2F
0-1: Ball
1-1: Foul Ball, location: 2F
1-2: Strikes out looking
Pitching: RHP Rob Larson
Batting: RHB Benoît Vigneault 0-0: Fly out, F3 (Popup, 3F)
Pinch Hitting: RHB Gerald Davis 0-0: Called Strike
0-1: Ball
1-1: Ball
2-1: Ground out 3-1 (Groundball, 34)
Bottom of the 7th over - 0 run(s), 0 hit(s), 0 error(s), 0 left on base; Saint John's 1 - Illinois 1
TOP OF THE 8TH
Saint John's Red Storm batting - Pitching for Illinois Fighting Illini : RHP Joe Smith
Now at SS: Gerald Davis
Batting: LHB Chris Austin 0-0: Called Strike
0-1: Ball
1-1: Ball
2-1: Ball
3-1: Called Strike
3-2: Foul Ball, location: 2F
3-2: Base on Balls
Batting: LHB António Velásquez 0-0: Called Strike
0-1: Ball
1-1: Ball
2-1: Ball
3-1: Ground out 3-1 (Groundball, 34S)
Chris Austin to second
Batting: RHB Bob Mueller 0-0: Intentional Walk
Batting: RHB Dana Worley 0-0: Ball
1-0: Ball
2-0: Foul Ball, location: 2F
2-1: Ball
3-1: Foul Ball, location: 2F
3-2: Base on Balls
Chris Austin to third
Bob Mueller to second
Batting: LHB David Lee 0-0: Ball
1-0: Fly out, F7 (Flyball, 7S)
Batting: SHB Jim Ramsey 0-0: Called Strike
0-1: Foul Ball, location: 2F
0-2: Foul Ball, location: 2F
0-2: Fly out, F7 (Flyball, 7M)
Top of the 8th over - 0 run(s), 0 hit(s), 0 error(s), 3 left on base; Saint John's 1 - Illinois 1
BOTTOM OF THE 8TH
Illinois Fighting Illini batting - Pitching for Saint John's Red Storm : RHP Rob Larson
Pinch Hitting: RHB James Brown 0-0: Called Strike
0-1: SOLO HOME RUN (Flyball, 89XD), Distance : 367 ft
Batting: RHB David Ward 0-0: Ball
1-0: SINGLE (Line Drive, 6D)
Batting: RHB Michael Jones 0-0: Called Strike
David Ward steals 2nd base
0-1: Fly out, F6 (Popup, 6)
Batting: RHB Brandon Berry 0-0: Ball
1-0: Called Strike
1-1: Ball
2-1: Foul Ball, location: 2F
2-2: Ground out U3 (Groundball, 3S)
David Ward to third
Batting: RHB Buddy Griffin 0-0: Called Strike
0-1: Foul Ball, location: 2F
0-2: Ground out 4-3 (Groundball, 4)
Bottom of the 8th over - 1 run(s), 2 hit(s), 0 error(s), 1 left on base; Saint John's 1 - Illinois 2
TOP OF THE 9TH
Saint John's Red Storm batting - Pitching for Illinois Fighting Illini : RHP Joe Smith
Pitching: RHP Alberto Ibarra
Now in CF: Steven Fox
Batting: RHB Miguel Hernández 0-0: Ball
1-0: Called Strike
1-1: Swinging Strike
1-2: Strikes out swinging
Batting: RHB Joe Smith 0-0: DOUBLE (Line Drive, 5L)
Batting: RHB Duane Grounds 0-0: Ball
1-0: Fly out, F8 (Flyball, 8LM)
Batting: LHB Chris Austin 0-0: Ball
1-0: Swinging Strike
Passed Ball!
Joe Smith to third
1-1: Ball
2-1: Ball
3-1: DOUBLE (Line Drive, 7LS)
Joe Smith scores
Batting: LHB António Velásquez 0-0: DOUBLE (Flyball, 78M)
Chris Austin scores
Pinch Runner at 2nd Ed Merritt:
Batting: RHB Bob Mueller 0-0: Called Strike
0-1: Ball
1-1: Ball
2-1: Foul Ball, location: 2F
2-2: Foul Ball, location: 2F
2-2: Ball
3-2: Hit by Pitch
Batting: RHB Dana Worley 0-0: Ball
1-0: Ball
2-0: SINGLE (Groundball, 56D)
Ed Merritt to third
Bob Mueller to second
Runner from 3rd tries for Home, SAFE, no throw or cutoff
Pitching: RHP Jesús Martínez
Batting: LHB David Lee 0-0: Ball
Passed Ball!
Bob Mueller to third
Dana Worley to second
1-0: Ball
2-0: Ball
3-0: Called Strike
3-1: Foul Ball, location: 2F
3-2: Foul Ball, location: 2F
3-2: Base on Balls
Batting: SHB Jim Ramsey 0-0: Ball
1-0: Foul Ball, location: 2F
1-1: Swinging Strike
1-2: Ball
2-2: Ground out 3-1 (Groundball, 3L)
Top of the 9th over - 3 run(s), 4 hit(s), 0 error(s), 3 left on base; Saint John's 4 - Illinois 2
BOTTOM OF THE 9TH
Illinois Fighting Illini batting - Pitching for Saint John's Red Storm : RHP Rob Larson
Pitching: RHP Dan Snyder
Now at C: Jack Kavanaugh
Now at 1B: Ed Merritt
Now in RF: Frank Kennedy
Batting: RHB Clinton Barton 0-0: Called Strike
0-1: Called Strike
0-2: Ball
1-2: Strikes out swinging
Batting: SHB Jared McNayer 0-0: Ball
1-0: Ball
2-0: Ball
3-0: Called Strike
3-1: Base on Balls
Batting: RHB Benoît Vigneault 0-0: Swinging Strike
0-1: Ball
1-1: Ball
2-1: Ball
3-1: Fly out, F8 (Flyball, 8RM)
Pinch Hitting: RHB Matt Cole 0-0: Fielders Choice at 2nd, 6-4 (Groundball, 6)
Bottom of the 9th over - 0 run(s), 0 hit(s), 0 error(s), 0 left on base; Saint John's 4 - Illinois 2
This league is powered by Out of the Park Baseball, the baseball management simulation game for PC, Mac and Linux
Saturday, April 9th, 2016 - OOTP Baseball 16.8 Build 38